 Dungeon Crawl Stone Soup version 0.30.0-19-g36f170ea60 (webtiles) character file.

Game seed: 9618520195967186629

67 Irreverend the Trooper (level 3, 0/29 HPs)
             Began as a Demonspawn Fighter on May 29, 2023.
             Slain by Natasha (4 damage)
             ... on level 2 of the Dungeon.
             The game lasted 00:02:24 (1309 turns).

Irreverend the Trooper (Demonspawn Fighter)         Turns: 1309, Time: 00:02:25

Health: 0/29       AC:  7    Str: 18    XL:     3   Next: 98%
Magic:  3/3        EV:  6    Int:  9    God:
Gold:   26         SH:  4    Dex: 12    Spells: 2/2 levels left

rFire   . .          .
                       - Unarmed
rCold   . . .        b - +0 buckler
rNeg    . . .        a - +0 scale mail
rPois   .            (no helmet)
rElec   .            (no cloak)
rCorr   .            e - +0 pair of gloves
SInv    .            (no boots)
Will    .....        (no amulet) Stlth
                     (no ring)
HPRegen 0.24/turn    (no ring)
MPRegen 0.08/turn

%: no passive effects
@: mighty, slowed, constricted, very slow
A: demonic guardian 1
a: no special abilities


You were on level 2 of the Dungeon.
You visited 1 branch of the dungeon, and saw 2 of its levels.

You collected 26 gold pieces.

Inventory:

Armour
 a - a +0 scale mail (worn)
 b - a +0 buckler (worn)
 e - a +0 pair of gloves (worn)
Scrolls
 d - a scroll of magic mapping {unknown}
 h - 2 scrolls of fog {unknown}
 i - a scroll of fear {unknown}
 j - a scroll of enchant armour {unknown}
Potions
 f - a potion of flight {unknown}
 g - a potion of brilliance {unknown}
 k - a potion of magic {unknown}


   Skills:
 + Level 3.4 Fighting
 + Level 3.1 Armour
 + Level 3.1 Shields
 * Level 2.8 Unarmed Combat


You had 2 spell levels left.
You didn't know any spells.
Your spell library was empty.

Dungeon Overview and Level Annotations

Branches:
Dungeon (2/15)

Altars:

Annotations:
D:2 Natasha


Innate Abilities, Weirdness & Mutations

A weak demonic guardian rushes to your aid.


Message History

Natasha is nearby!
A ball python comes into view.
The cerulean imp shouts!
The ball python hisses angrily.
Natasha casts a spell at you.
You feel yourself slow down.
Found a leather armour.
The ball python barely misses you. x2
Natasha stares at you and mumbles some strange words.
You resist with significant effort. You block the ball python's attack.
The ball python barely misses you.
You closely miss the ball python. You block the cerulean imp's attack.
You block the ball python's attack. The ball python grabs you.
The ball python constricts you. Natasha claws you!
You closely miss the ball python.
The ball python bites you but does no damage.
The ball python constricts you.
The cerulean imp hits you but does no damage.
Natasha casts a spell at you.
The magic dart hits you but does no damage.
The ball python bites you. The ball python constricts you.
The cerulean imp hits you from afar with a +2 spear.
Sorry, you're not good enough to have a special ability.
You feel very mighty all of a sudden. The ball python bites you.
The ball python constricts you. Natasha claws you.
The cerulean imp hits you from afar with a +2 spear.
* * * LOW HITPOINT WARNING * * *
The ball python bites you but does no damage.
The ball python constricts you. Natasha barely misses you.
You closely miss Natasha.
The cerulean imp hits you from afar with a +2 spear.
* * * LOW HITPOINT WARNING * * *
A demonic guardian appears!
The ball python barely misses you. The ball python constricts you.
Natasha completely misses you.
The cerulean imp hits you from afar with a +2 spear.
* * * LOW HITPOINT WARNING * * *
The ball python bites you but does no damage.
The ball python constricts you.
You punch Natasha!
Natasha is heavily wounded.
Natasha claws you.
You die...

.##.<.. .....# .....#
.....## .....# .......
.....# .#...## .....#
.#...# .....# .#...#
[5..#
.#...############S...#
.#...#..........@h5#
.....#.###########.#
....#...## #
.........###...
#............#
..##.....#####
.####...## .# ##.## .#
#...


You could see Natasha, a cerulean imp (summoned), a ball python (ally target)
and a friendly white imp (summoned).

Vanquished Creatures
  Robin (D:2)
  An adder (D:2)
  A dart slug (D:1)
  3 ball pythons
  7 bats
  3 endoplasms (D:1)
  A giant cockroach (D:2)
  10 goblins
  4 hobgoblins
  A quokka (D:2)
  4 frilled lizards
  2 rats (D:1)
38 creatures vanquished.

Vanquished Creatures (collateral kills)
  A bat (D:2)
  2 goblins (D:2)
  A hobgoblin (D:2)
4 creatures vanquished.

Grand Total: 42 creatures vanquished

Notes
Turn   | Place    | Note
-------+----------+-------------------------------------------
     0 | D:1      | Irreverend the Demonspawn Fighter began the quest for the
                  | Orb.
     0 | D:1      | Reached XP level 1. HP: 18/18 MP: 1/1
   433 | D:1      | Gained mutation: A weak demonic guardian rushes to your
                  | aid. [demonic ancestry]
   433 | D:1      | Reached XP level 2. HP: 22/24 MP: 2/2
   950 | D:2      | Reached XP level 3. HP: 23/29 MP: 3/3
   998 | D:2      | Noticed Robin
  1046 | D:2      | Killed Robin
  1302 | D:2      | Noticed Natasha
  1309 | D:2      | Slain by Natasha

Illustrated notes

Levels and vault maps discovered:
D:1:      minmay_arrival_loop, layout_basic, serial_rivers,
          chequers_serial_rivers_room_b, chequers_serial_rivers_micro_c,
          chequers_serial_rivers_micro_c, chequers_serial_rivers_micro_e,
          chequers_serial_rivers_small_b
D:2:      layout_loops_ring, uniq_robin, uniq_natasha

Skill      XL: |  1  2 |
---------------+-------+-----
Unarmed Combat | 2 |  2.8
Armour         | 3 |  3.1
Shields        | 3 |  3.1
Fighting       | |  3.4

Action                     || total
---------------------------++-------
  Melee: Unarmed           ||   203
    Use: Potion            ||     1
 Armour: Scale mail        ||   126
  Dodge: Dodged            ||   100
  Block: Buckler           ||    32
